 Dungeon Crawl Stone Soup version 0.30-a0-883-g5ad918d77d (webtiles) character file.

Game seed: 5768950005486182927

1778 Dittersdorf the Covered (level 9, -2/71 HPs)
             Began as a Human Fighter on Mar 15, 2023.
             Slain by a troll (10 damage)
             ... on level 5 of the Dungeon.
             The game lasted 00:08:22 (4955 turns).

Dittersdorf the Covered (Human Fighter)             Turns: 4955, Time: 00:08:22

Health: -2/71      AC: 10    Str: 20    XL:     9   Next: 29%
Magic:  18/18      EV: 10    Int:  9    God:
Gold:   271        SH:  5    Dex: 13    Spells: 8/8 levels left

rFire   . . .      SeeInvis .    a - +0 long sword
rCold   . . .      Faith    .    c - +0 buckler
rNeg    + . .      Spirit   .    t - +3 ring mail {rN+}
rPois   .          Reflect  .    (no helmet)
rElec   .          Rampage  .    s - +0 cloak
rCorr   .                        (no gloves)
Will    .....                    (no boots)
Stlth   +                        k - amulet of regeneration
HPRegen 1.11/turn                x - ring of magical power
MPRegen 0.16/turn                (no ring)

@: no status effects
A: no striking features
a: no special abilities


You were on level 5 of the Dungeon.
You visited 1 branch of the dungeon, and saw 6 of its levels.
You also visited: Ossuary.

You collected 271 gold pieces.

Inventory:

Hand Weapons
 a - a +0 long sword (weapon)
Missiles
 p - a throwing net (quivered)
Armour
 c - a +0 buckler (worn)
 s - a +0 cloak (worn)
 t - a +3 ring mail of positive energy (worn)
 w - a +0 plate armour
Jewellery
 k - an amulet of regeneration (around neck)
 u - a ring of fire
 x - a ring of magical power (left hand)
Wands
 l - a wand of digging (5)
Scrolls
 e - a scroll of enchant armour
 g - a scroll of teleportation
 o - a scroll of fog
Potions
 b - 3 potions of brilliance
 d - 3 potions of might
 f - 3 potions of curing {unknown}
 h - 3 potions of heal wounds {unknown}
 i - 3 potions of flight {unknown}
 m - 2 potions of ambrosia
 n - a potion of berserk rage
 q - 3 potions of mutation
 r - a potion of haste


   Skills:
 + Level 6.4 Fighting
 + Level 6.0 Long Blades
 + Level 6.4 Armour
 + Level 6.4 Shields


You had 8 spell levels left.
You didn't know any spells.
Your spell library contained the following spells:

 Spells                   Type           Power      Damage    Failure   Level
 Cause Fear               Hex            0%         N/A       100%        4
 Dragon Form              Tmut           0%         N/A       100%        7
 Dragon's Call            Summ           0%         N/A       100%        9


Dungeon Overview and Level Annotations

Branches:
Dungeon (6/15)            Ossuary (visited)
 Temple: D:4-7

Altars:
Cheibriados
Gozag
Hepliaklqana
Kikubaaqudgha
Xom
Zin
The Shining One

Shops:
D:6 *

Annotations:
D:6 Menkaure


Message History

Aim: a troll (lightly wounded, 60% to hit)
You throw a curare-tipped dart.
The curare-tipped dart barely misses the troll.
The troll bites you but does no damage. You block the troll's attack.
The troll claws you.
* * * LOW HITPOINT WARNING * * *
Throw: 2 darts (curare)
Press: ? - help, Q - select action, (/) - cycle Shift-Dir - straight line, f/p - troll
Aim: a troll (lightly wounded, 60% to hit)
You throw a curare-tipped dart.
The curare-tipped dart closely misses the troll.
The troll bites you but does no damage. The troll barely misses you.
You block the troll's attack. The troll bites you but does no damage.
The troll claws you!
* * * LOW HITPOINT WARNING * * *
The troll closely misses you.
Throw: dart (curare)
Press: ? - help, Q - select action, (/) - cycle Shift-Dir - straight line, f/p - troll
Aim: a troll (lightly wounded, 60% to hit)
You throw a curare-tipped dart. The curare-tipped dart hits the troll.
The troll is poisoned.
The troll convulses.
The troll seems to slow down.
The troll is lightly wounded.
You closely miss the troll.
The troll is lightly wounded.
You block the troll's attack. The troll claws you but does no damage.
The troll barely misses you.
You slash the troll!
The troll is moderately wounded.
The troll barely misses you. x2; You block the troll's attack.
You closely miss the troll.
The troll is moderately wounded.
You block the troll's attack. The troll claws you.
* * * LOW HITPOINT WARNING * * *
The troll claws you!
* * * LOW HITPOINT WARNING * * *
You hit the troll.
The troll is moderately wounded.
The troll bites you!
You die...

## #.....# #.##.##.###......
#####...#########.##.###.#.##.###
.............)............###.# #
..................##......# #.###
##.##.#######.##...#.##..## #....
#.##.# #(##...#.##..# ###..
#.##.# #........##..# ##...
#....# #..T.....##..# #....
#..### #...@........# ##... #..#
#..#...####.#######.. #..#
#..#...## #.# #...... ##..#
#..##...###.# #.###.# ....#
#..#.!...##.# #.# #.# ...##
#...........# #.###.# ####
##.#.....######.##... #.#.....##
#......†÷ # #..##.##.###........


You could see a troll (very poisoned, slow).

Vanquished Creatures
  2 black bears
  An ice beast (D:5)
  A centaur (D:5)
  4 necrophages (D:5)
  5 scorpions
  2 wights (D:5)
  2 bullfrog zombies (D:5)
  5 centaur zombies
  5 hounds
  A gnoll bouda (D:6)
  A human zombie (D:5)
  An iguana (D:4)
  An orc wizard (D:3)
  A killer bee zombie (D:5)
  3 mummies
  8 gnolls
  5 adders
  A shadow imp (D:6)
  2 ufetubi
  A worm (D:2)
  A dart slug (D:3)
  6 orcs
  4 ball pythons
  7 bats
  11 endoplasms
  2 giant cockroaches
  4 goblins
  5 hobgoblins
  A quokka (D:3)
  4 frilled lizards
  3 goblin zombies (Ossuary)
  7 hobgoblin zombies (Ossuary)
  4 jackal zombies (Ossuary)
  6 kobolds
  11 kobold zombies (Ossuary)
  7 orc zombies (Ossuary)
  7 rats
  A rat zombie (Ossuary)
143 creatures vanquished.

Notes
Turn   | Place    | Note
-------+----------+-------------------------------------------
     0 | D:1      | Dittersdorf the Human Fighter began the quest for the Orb.
     0 | D:1      | Reached XP level 1. HP: 18/18 MP: 1/1
    76 | D:1      | Reached XP level 2. HP: 20/24 MP: 2/2
   365 | D:1      | Reached XP level 3. HP: 29/29 MP: 3/3
   738 | D:2      | Reached XP level 4. HP: 32/35 MP: 4/4
  1579 | D:3      | Reached XP level 5. HP: 34/42 MP: 5/5
  2549 | D:4      | Reached XP level 6. HP: 46/48 MP: 6/6
  2598 | D:4      | Noticed a black bear
  2619 | D:4      | Killed a black bear
  2909 | D:4      | Reached XP level 7. HP: 20/55 MP: 7/7
  3135 | D:4      | Found a snail-covered altar of Cheibriados.
  3137 | D:4      | Found a white marble altar of Elyvilon.
  3137 | D:4      | Found a snail-covered altar of Cheibriados.
  3139 | D:4      | Found a glowing golden altar of the Shining One.
  3139 | D:4      | Found a shimmering altar of Xom.
  3139 | D:4      | Found a hazy altar of Hepliaklqana.
  3238 | D:5      | Entered Level 5 of the Dungeon
  3398 | D:5      | Reached skill level 5 in Fighting
  3398 | D:5      | Reached skill level 5 in Armour
  3398 | D:5      | Reached skill level 5 in Shields
  3411 | D:5      | Reached XP level 8. HP: 50/62 MP: 8/8
  3428 | D:5      | Found an opulent altar of Gozag.
  3428 | D:5      | Found a glowing silver altar of Zin.
  3521 | D:5      | Found a sand-covered staircase.
  3538 | Ossuary  | Entered an ossuary
  3862 | D:5      | Reached skill level 5 in Long Blades
  4351 | D:5      | Reached XP level 9. HP: 62/67 MP: 9/9
  4430 | D:5      | Found an ancient bone altar of Kikubaaqudgha.
  4765 | D:6      | Found Maesis's Sacrilege Store.
  4864 | D:6      | Noticed Menkaure
  4864 | D:6      | Noticed a troll
  4955 | D:5      | Slain by a troll

Illustrated notes

Levels and vault maps discovered:
D:1:      amcnicky_arrival_gap_in_the_tavern_cellar, layout_rooms,
          wander_ebering_terrifying_dragon_lair
D:2:      layout_loops_corners, chequers_serial_rivers_room_b,
          minmay_fountain_box
D:3:      layout_basic
D:4:      layout_loops_ring, doesnt_xom_only_xom, guppyfry_early_lair_pool
D:5:      layout_loops_ring, grunt_temple_overflow_gold_and_silver,
          lemuel_mausoleum_altar_kikubaaqudgha, enter_ossuary_1
D:6:      cheibrodos_two_vegetables, layout_basic, minmay_temple_entry_slanted,
          hangedman_abyss_or_decor_passed, nicolae_evil_shop, uniq_eustachio,
          uniq_menkaure, uniq_pikel

Skill      XL: |  1  2  3  4  5  6  7  8  9 |
---------------+----------------------------+-----
Long Blades    | 3 4 5 6 |  6.0
Fighting       | 4 5 6 |  6.4
Armour         | 4 5 6 |  6.4
Shields        | 4 5 6 |  6.4

Action                     |  1- 3 |  4- 6 |  7- 9 || total
---------------------------+-------+-------+-------++-------
  Melee: Long sword        |   103 |   206 |   462 ||   771
  Throw: Dart              |       |       |     3 ||     3
    Use: Scroll            |       |       |    16 ||    16
 Armour: Scale mail        |    52 |    45 |       ||    97
         Ring mail         |       |    77 |   268 ||   345
  Dodge: Dodged            |    55 |    99 |   299 ||   453
  Block: Buckler           |    19 |    64 |   146 ||   229

Table legend: (Time is in decaauts)
 A = Elapsed time spent in this place.
 B = Non-inter-level travel time spent in this place.
 C = Inter-level travel time spent in this place.
 D = Time resting spent in this place.
 E = Time spent auto-exploring this place.
 F = Levels seen in this place.
 G = Mean time per level.
                   A        B        C        D        E       F      G
               +--------+--------+--------+--------+--------+-----+--------+
         Total |   5136 |   4925 |    211 |     24 |   3199 |   7 |  733.7 |
       Dungeon |   4822 |   4611 |    211 |     22 |   3112 |   6 |  803.7 |
       Ossuary |    314 |    314 |      0 |      2 |     87 |   1 |  314.0 |
               +--------+--------+--------+--------+--------+-----+--------+

Top non-repeatable levels by time:
     D:5: 1080 daAuts
     D:2: 1076 daAuts
     D:4: 894 daAuts
     D:3: 854 daAuts
     D:1: 509 daAuts
     D:6: 407 daAuts
 Ossuary: 314 daAuts
